AoeStats
← Simon Stokvis

Arena

503865958Analyzed
4v4 RM · 1mo ago on Sep 2, 2026· 46m 22s· 8 players
Game mode
Random Map
Map size
Large (8 player)
Population
200
Speed
Normal
Resources
Standard
Victory
Conquest
Starting age
Dark Age
Ending age
Imperial Age
RankedLock teamsTeams togetherTeam positionsShared explorationLock speedFull tech treeHidden civsTurbo modeCheats
Victory
Defeat
🇮🇳 Persians · India
1597
+16
🇮🇳 Britons · India
1557
+18
🇳🇱 Khmer · Netherlands
1539
+18
🇲🇽 Celts · Mexico
1496
+20
🇬🇧 Cumans · United Kingdom
1662
-21
🇹🇼 Persians · Taiwan
1611
-19
🇹🇼 Teutons · Taiwan
1569
-17
🇹🇼 Ethiopians · Taiwan
1518
-15
Simon Stokvis
10:51 Feudal Age
13:56 Castle Age
26:27 Loom
29:29 Double-Bit Axe
29:57 Town Watch
34:59 Ballistics
37:29 Imperial Age
35:59 Bow Saw
37:04 Gold Mining
37:31 Heavy Scorpion
38:19 Double Crossbow
38:40 Conscription
39:54 Chemistry
39:00 Siege Engineers
38:53 Capped Ram
41:16 Siege Ram
SimoniacJewel88
9:16 Feudal Age
14:54 Castle Age
13:09 Double-Bit Axe
13:26 Horse Collar
15:48 Bow Saw
15:40 Heavy Plow
23:03 Gold Mining
23:03 Stone Mining
26:37 Gold Shaft Mining
27:16 Wheelbarrow
29:20 Imperial Age
27:43 Coinage
28:12 Wheelbarrow
26:59 Pikeman
28:00 Scale Mail Armor
28:11 Forging
29:32 Hand Cart
29:29 Halberdier
30:24 Chain Mail Armor
30:45 Iron Casting
30:33 Conscription
30:22 Town Watch
31:09 Banking
32:59 Iron Casting
32:55 Plate Mail Armor
32:13 Arson
31:52 Capped Ram
32:43 Furor Celtica
32:38 Siege Ram
34:18 Siege Engineers
38:28 Heavy Scorpion
39:30 Ballistics
40:10 Chemistry
40:45 Town Patrol
40:30 Loom
41:50 Blast Furnace
HAASHIRAMA
10:49 Feudal Age
15:48 Castle Age
14:13 Double-Bit Axe
14:09 Horse Collar
15:42 Horse Collar
16:14 Gold Mining
16:33 Scale Barding Armor
37:21 Wheelbarrow
36:57 Bow Saw
36:48 Heavy Plow
37:24 Gold Shaft Mining
38:54 Chain Barding Armor
39:25 Bloodlines
40:18 Scale Mail Armor
40:28 Forging
40:23 Pikeman
41:22 Hand Cart
41:37 Squires
41:31 Loom
41:32 Town Watch
45:01 Imperial Age
43:07 Chain Mail Armor
43:28 Iron Casting
45:20 Halberdier
wackadoodle
9:04 Feudal Age
8:02 Loom
10:55 Double-Bit Axe
10:51 Horse Collar
16:11 Wheelbarrow
16:41 Fletching
21:27 Castle Age
23:01 Bow Saw
24:50 Heavy Plow
25:18 Stone Mining
25:54 Fletching
26:30 Bodkin Arrow
26:44 Crossbowman
29:10 Gold Mining
34:27 Imperial Age
32:45 Ballistics
32:26 Padded Archer Armor
35:17 Bracer
34:41 Arbalester
36:57 Coinage
37:32 Two-Man Saw
37:10 Leather Archer Armor
37:10 Scale Mail Armor
38:32 Chemistry
38:24 Fortified Wall
40:51 Banking
41:46 Hand Cart
41:17 Town Watch
42:32 Ring Archer Armor
42:18 Chain Mail Armor
42:13 Forging
42:31 Yeomen
44:17 Gold Shaft Mining
44:21 Onager
羅鈸棒
11:34 Feudal Age
12:56 Loom
13:06 Double-Bit Axe
15:42 Castle Age
13:44 Double-Bit Axe
13:50 Horse Collar
14:22 Gold Mining
17:07 Bow Saw
40:15 Heavy Plow
clockwork
5:56 Loom
8:43 Feudal Age
10:36 Double-Bit Axe
11:07 Horse Collar
11:34 Town Watch
16:46 Fletching
25:49 Castle Age
27:09 Bow Saw
27:46 Wheelbarrow
28:36 Heavy Plow
32:06 Gold Mining
32:08 Stone Mining
32:58 Wheelbarrow
42:08 Imperial Age
40:21 Fortified Wall
41:25 Hand Cart
41:52 Scale Mail Armor
42:04 Forging
41:16 Pikeman
41:58 Squires
41:43 Arson
42:20 Heavy Scorpion
43:11 Siege Engineers
43:30 Ballistics
44:11 Chemistry
44:48 Two-Man Saw
43:24 Halberdier
44:39 Chain Mail Armor
44:14 Capped Ram
45:23 Conscription
46:38 Plate Mail Armor
46:44 Iron Casting
Umi
10:56 Feudal Age
15:29 Castle Age
13:39 Double-Bit Axe
13:56 Horse Collar
16:12 Bow Saw
20:38 Wheelbarrow
22:01 Gold Mining
22:30 Stone Mining
24:20 Town Watch
29:12 Imperial Age
27:15 Hand Cart
27:24 Scale Barding Armor
27:32 Loom
27:48 Heavy Plow
28:25 Gold Shaft Mining
28:49 Chain Barding Armor
29:13 Forging
29:47 Bloodlines
29:37 Husbandry
30:22 Conscription
31:22 Iron Casting
31:25 Plate Barding Armor
31:09 Elite War Elephant
32:37 Stone Shaft Mining
32:52 Iron Casting
36:01 Chemistry
35:14 Masonry
35:00 Murder Holes
36:10 Hoardings
36:49 Blast Furnace
36:21 Ballistics
35:53 Fletching
36:35 Padded Archer Armor
38:34 Bodkin Arrow
39:15 Leather Archer Armor
39:08 Kamandaran
39:01 Crossbowman
39:47 Thumb Ring
40:15 Architecture
DuperRandomShan
8:31 Feudal Age
9:07 Double-Bit Axe
9:56 Horse Collar
15:57 Loom
19:21 Castle Age
18:52 Wheelbarrow
19:01 Gold Mining
20:49 Scale Barding Armor
21:18 Bloodlines
23:45 Forging
27:39 Chain Barding Armor
28:46 Hand Cart
34:10 Imperial Age
32:16 Heavy Plow
32:05 Capped Ram
32:58 Scale Mail Armor
32:46 Man-at-Arms
33:44 Squires
34:00 Chain Mail Armor
34:35 Long Swordsman
35:00 Siege Ram
36:23 Plate Mail Armor
35:20 Two-Handed Swordsman
38:13 Crop Rotation
39:50 Champion
40:54 Pikeman
42:34 Conscription
43:02 Halberdier
Connection lost

Rejoining the realm…

Still unreachable

The connection could not be restored.

Session expired

The server has moved on; the page needs a fresh start.